 Dungeon Crawl Stone Soup version 0.29.0-7-g18a832c13a (webtiles) character file.

Game seed: 8732395861451487256

2190 Snarg the Ducker (level 9, 0/39 HPs)
             Began as a Spriggan Conjurer on Aug 31, 2022.
             Was an Initiate of Gozag.
             Slain by Duvessa
             ... wielding a +0 short sword
              (19 damage)
             ... on level 6 of the Dungeon.
             The game lasted 00:35:54 (8364 turns).

Snarg the Ducker (Spriggan Conjurer)                Turns: 8364, Time: 00:35:55

Health: 0/39       AC:  3    Str:  3    XL:     9   Next: 12%
Magic:  2/16       EV: 19    Int: 24    God:    Gozag
Gold:   471        SH:  0    Dex: 13    Spells: 6/16 levels left

rFire   . . .      SeeInvis +   a - +1 dagger (venom)
rCold   . . .      Faith    .   (no shield)
rNeg    . . .      Spirit   .   h - +1 robe
rPois   .          Reflect  .   (helmet restricted)
rElec   .          Harm     .   D - scarf {shadows}
rCorr   .          Rampage  .   (gloves unavailable)
Will    +....                   (boots unavailable)
Stlth   +++.......              (no amulet)
HPRegen 0.13/turn               i - ring of wizardry
MPRegen 0.15/turn               (no ring)

@: very quick
A: very small, no large weapons, unfitting armour, see invisible, speed 3
a: Renounce Religion, Potion Petition, Call Merchant, Bribe Branch


You were on level 6 of the Dungeon.
You worshipped Gozag.
Gozag was aware of your devotion.
You visited 1 branch of the dungeon, and saw 6 of its levels.

You collected 625 gold pieces.
You spent 108 gold pieces at shops.
You paid 46 gold pieces to Gozag.

Inventory:

Hand Weapons
 a - a +1 dagger of venom (weapon)
 b - a +0 short sword
 g - a +2 hand axe of venom
 m - a +0 rapier
 p - a +0 dagger
 q - a +3 quarterstaff
 t - a +3 shortbow
 y - a +1 whip of venom
Missiles
 e - 46 stones
 z - 5 poisoned darts
Armour
 h - a +1 robe (worn)
 x - a +0 cloak
 D - a scarf of shadows (worn)
Jewellery
 i - a ring of wizardry (left hand)
Wands
 l - a wand of polymorph (6)
 u - a wand of iceblast (12)
 C - a wand of flame (24)
Scrolls
 c - 2 scrolls of immolation
 n - 2 scrolls of blinking {unknown}
 r - 2 scrolls of teleportation {unknown}
 s - 2 scrolls of vulnerability {unknown}
 A - a scroll of butterflies {unknown}
Potions
 d - 3 potions of attraction
 f - 3 potions of magic
 j - a potion of flight
 k - a potion of invisibility
 o - 2 potions of heal wounds
 v - a potion of cancellation
 w - 2 potions of brilliance {unknown}
 B - a potion of berserk rage {unknown}


   Skills:
 - Level 0.1 Fighting
 + Level 4.1 Short Blades
 - Level 1.2 Throwing
 + Level 6.6 Dodging
 - Level 5.0 Stealth
 - Level 4.0 Spellcasting
 + Level 6.6 Conjurations
 * Level 6.5 Hexes
 * Level 1.7 Evocations


You had 6 spell levels left.
You knew the following spells:

 Your Spells              Type           Power      Damage    Failure   Level
a - Magic Dart            Conj           100%       1d8       1%          1
b - Searing Ray           Conj           72%        2d7       1%          2
c - Dazzling Flash        Conj/Hex       72%        N/A       1%          3
d - Fulminant Prism       Conj/Hex       18%        3d11      2%          4

Your spell library contained the following spells:

 Spells                   Type           Power      Damage    Failure   Level
 Iskenderun's Mystic Bla  Conj/Tloc      20%        2d6       11%         4


Dungeon Overview and Level Annotations

Branches:
Dungeon (6/15)             Temple (0/1) D:6

Altars:
Ashenzari
Gozag
Hepliaklqana
Qazlal
Uskayaw

Shops:
D:5 [

Annotations:
D:1 clr
D:2 clr
D:3 clr
D:4 clr
D:5 clr
D:6 Blork the orc, Duvessa


Innate Abilities, Weirdness & Mutations

You are very small and have problems with some larger weapons.
You are too small for most types of armour.
You have supernaturally acute eyesight. (SInv)
You cover ground extremely quickly. (Speed+++)


Message History

Duvessa closely misses you.
Unknown command.
You barely miss Duvessa.
Duvessa is heavily wounded.
You closely miss Duvessa.
Duvessa is heavily wounded.
Your fulminant prism crackles loudly.
Duvessa hits you with a +0 short sword.
You hit Duvessa but do no damage.
Duvessa is heavily wounded.
Duvessa misses you.
Your fulminant prism explodes!
You hit Duvessa but do no damage.
Duvessa is poisoned.
Duvessa is heavily wounded.
Duvessa is no longer blind.
Duvessa hits you with a +0 short sword! x2
Unknown command.
Unknown command.
Duvessa rages.
Duvessa rages.
Duvessa rages.
Things that are here:
a +0 leather armour; a potion of degeneration
There is an open door here.
Duvessa looks more healthy.
You see here a +0 giant spiked club.
Duvessa rages.
Casting: Fulminant Prism (dangerous; 2% risk of failure)
Confirm with . or Enter, or press ? or * to list all spells.
Aiming: Fulminant Prism (dangerous; 2% risk of failure)
Press: ? - help, Dir - move target You conjure a prism of explosive energy!
A fulminant prism comes into view.
Your fulminant prism crackles loudly.
There is a stone staircase leading up here.
Your fulminant prism explodes!
The blast of energy engulfs Duvessa!
Duvessa is almost dead.
Duvessa hits you with a +0 short sword!!
You die...
Your body crumbles into a pile of gold.

#.# #.#
#########################.# #.#
..........................# #.#
.###............###############.#
.# #.######..................##.#
.###.# #.....############.##.#
.....# #................#.##.#
..#### #................#.##.#
).#########.....@e.........#.##.#
<..........).............).).....
###.######...................##.#
..>.......................#####.#
#...######................# ##'#
#...# #................# #...
#...# #................# #...
#...# ##...............# #...
#...########'#'#..........# #..?


You could see Duvessa (berserk).

Vanquished Creatures
  Grinder (D:6)
  Menkaure (D:5)
  2 water moccasins (D:5)
  A black bear (D:6)
  A sky beast (D:6)
  3 ogres
  2 centaurs
  A phantom (D:6)
  A kobold brigand (D:6)
  2 bullfrogs (D:6)
  A gnoll sergeant (D:6)
  2 scorpions
  Dowan (D:6)
  A howler monkey (D:5)
  2 hounds
  5 jellies
  A gnoll bouda (D:6)
  2 iguanas
  An orc wizard (D:4)
  7 gnolls
  6 adders
  A shadow imp (D:5)
  A white imp (D:5)
  An ufetubus (D:6)
  A worm (D:2)
  12 orcs
  6 ball pythons
  9 bats
  4 endoplasms
  6 giant cockroaches
  A goblin (D:2)
  3 hobgoblins
  2 jackals (D:1)
  4 quokkas
  2 frilled lizards
  5 kobolds
  9 rats
111 creatures vanquished.

Vanquished Creatures (others)
  26 fulminant prisms
26 creatures vanquished.

Grand Total: 137 creatures vanquished

Notes
Turn   | Place    | Note
-------+----------+-------------------------------------------
     0 | D:1      | Snarg the Spriggan Conjurer began the quest for the Orb.
     0 | D:1      | Reached XP level 1. HP: 9/9 MP: 5/5
   392 | D:1      | Reached XP level 2. HP: 13/13 MP: 1/6
   399 | D:1      | Learned a level 2 spell: Searing Ray
   928 | D:1      | Found a faded altar of an unknown god.
  1146 | D:2      | Identified the +7 ring mail "Tadehuj" {Int+8}
  1173 | D:2      | Reached XP level 3. HP: 16/16 MP: 8/8
  2134 | D:3      | Reached skill level 1 in Short Blades
  2134 | D:3      | Reached XP level 4. HP: 7/21 MP: 6/9
  2325 | D:3      | Learned a level 3 spell: Dazzling Flash
  2604 | D:3      | Reached skill level 1 in Hexes
  3046 | D:4      | Found an opulent altar of Gozag.
  3050 | D:4      | Became a worshipper of Gozag Ym Sagoz the Greedy
  3065 | D:4      | Found a hazy altar of Hepliaklqana.
  3194 | D:4      | Noticed a scorpion
  3210 | D:4      | Found a stormy altar of Qazlal.
  3372 | D:4      | Found a hide-covered altar of Uskayaw.
  3435 | D:4      | HP: 1/21 [poisoned by a scorpion]
  3810 | D:4      | Killed a scorpion
  3811 | D:4      | Reached XP level 5. HP: 24/24 MP: 2/10
  4122 | D:5      | Entered Level 5 of the Dungeon
  4126 | D:5      | Noticed an ogre
  4185 | D:5      | Noticed a water moccasin
  4271 | D:5      | Found a broken altar of Ashenzari.
  4275 | D:5      | Noticed a black bear
  4444 | D:5      | Noticed Menkaure
  4518 | D:4      | Reached XP level 6. HP: 28/28 MP: 5/11
  4525 | D:4      | Learned a level 4 spell: Fulminant Prism
  5261 | D:5      | Killed a water moccasin
  5384 | D:5      | Reached XP level 7. HP: 32/32 MP: 7/13
  5463 | D:5      | Reached skill level 5 in Stealth
  5659 | D:5      | Found Qymivvedd's Antique Armour Emporium.
  5667 | D:5      | Bought a cloak for 108 gold pieces
  5782 | D:5      | Reached skill level 5 in Conjurations
  6220 | D:6      | Noticed Blork the orc
  6393 | D:6      | Reached skill level 5 in Dodging
  6393 | D:6      | Reached XP level 8. HP: 36/36 MP: 2/15
  6739 | D:6      | Found a staircase to the Ecumenical Temple.
  6748 | D:6      | Noticed Dowan
  6779 | D:6      | Killed Dowan
  7037 | D:5      | Killed Menkaure
  7038 | D:5      | Reached skill level 5 in Hexes
  7321 | D:6      | Noticed Grinder
  7335 | D:6      | Paralysed by Grinder for 3 turns
  7338 | D:6      | Killed Grinder
  7339 | D:6      | Reached skill level 1 in Throwing
  7568 | D:6      | Reached skill level 1 in Evocations
  7568 | D:6      | Reached XP level 9. HP: 35/39 MP: 8/16
  7990 | D:6      | Noticed Duvessa
  8364 | D:6      | Slain by Duvessa

Illustrated notes

Levels and vault maps discovered:
D:1:      dpeg_arrival_short_road, layout_rooms,
          ebering_ecumenical_altar_sacrificial
D:2:      layout_rooms, hangedman_decor_growths
D:3:      layout_basic
D:4:      layout_loops_ring, minitemple, nicolae_uskayaw_dance_hall,
          lemuel_coloured_pillars_altar, minmay_misc_feat_secret_circle
D:5:      layout_gridville, lemuel_doored_altar, serial_shops, shop,
          uniq_menkaure
D:6:      minmay_diamond_boxcup, layout_basic,
          minmay_temple_entry_statues_pillars, minmay_misc_feat_ornament,
          uniq_grinder, uniq_duvessa, uniq_blork_the_orc

Skill      XL: |  1  2  3  4  5  6  7  8 |
---------------+-------------------------+-----
Conjurations   | 3 4 5 6 |  6.6
Spellcasting   | 3 4 |  4.0
Short Blades   | 1 2 3 4 |  4.1
Stealth        | 4 5 |  5.0
Hexes          | 1 2 3 4 6 |  6.5
Dodging        | 3 5 6 |  6.6
Throwing       | 1 |  1.2
Evocations     | 1 |  1.7
Fighting       | |  0.1

Action                   |  1- 3 |  4- 6 |  7- 9 || total
-------------------------+-------+-------+-------++-------
Melee: Unarmed           |     1 |       |       ||     1
       Dagger            |    37 |    41 |    54 ||   132
       Short sword       |     1 |       |       ||     1
       Punch             |       |       |     1 ||     1
Throw: Dart              |       |       |     7 ||     7
 Cast: Magic Dart        |    78 |    41 |    37 ||   156
       Searing Ray       |     1 |    15 |    12 ||    28
       Dazzling Flash    |       |     5 |    11 ||    16
       Fulminant Prism   |       |     2 |    24 ||    26
  Use: Potion            |       |     3 |       ||     3
       Scroll            |       |     8 |       ||     8
 Stab: Sleeping          |     4 |     1 |       ||     5
       Invisible         |       |     1 |     4 ||     5
       Distracted        |       |       |     1 ||     1
Armor: Robe              |     4 |     5 |    11 ||    20
Dodge: Dodged            |    32 |    41 |    65 ||   138
